 Dungeon Crawl Stone Soup version 0.26.1-11-gd32895ea62 (webtiles) character file.

Game seed: 12614504955366004294

13316 Tirrikindir the Spear-Bearer (level 12, -3/89 HPs)
             Began as a Formicid Fighter on June 23, 2021.
             Was a Priest of Ashenzari.
             Slain by a titanic slime creature (33 damage)
             ... on level 12 of the Dungeon.
             The game lasted 00:31:00 (11973 turns).

Tirrikindir the Spear-Bearer (Formicid Fighter)    Turns: 11973, Time: 00:31:01

Health: -3/89      AC: 20    Str: 27    XL:     12   Next: 31%
Magic:  0/12       EV: 10    Int:  9    God:    Ashenzari [***...]
Gold:   576        SH: 13    Dex: 10    Spells: 11/11 levels left

rFire    . . .     SeeInvis +   t - +1 halberd (curse)
rCold    . . .     Faith    .   c - +0 kite shield (curse)
rNeg     . . .     Spirit   +   a - +0 plate armour (curse)
rPois    +         Reflect  .   (helmet unavailable)
rElec    .         Harm     .   (no cloak)
rCorr    +         Rampage  .   j - +2 pair of gloves
Will     +....                  z - +0 pair of boots
Stlth    ..........             f - amulet of guardian spirit
HPRegen  0.24/turn              l - ring of poison resistance
MPRegen  0.13/turn              q - ring of resist corrosion

@: no status effects
A: permanent stasis, dig shafts and tunnels, four strong arms, antennae 3,
yellow scales 1, strong 1
a: Dig, Shaft Self, Renounce Religion, Curse Item, Scrying


You were on level 12 of the Dungeon.
You worshipped Ashenzari.
Ashenzari was most pleased with you.
You visited 2 branches of the dungeon, and saw 13 of its levels.

You collected 739 gold pieces.
You spent 163 gold pieces at shops.

Inventory:

Hand Weapons
 d - a +2 trident of flaming
 t - a cursed +1 halberd (weapon)
Armour
 a - a cursed +0 plate armour (worn)
 c - a cursed +0 kite shield (worn)
 j - a +2 pair of gloves (worn)
 z - a +0 pair of boots (worn)
Jewellery
 f - an amulet of guardian spirit (around neck)
 l - a ring of poison resistance (left hand)
 q - a ring of resist corrosion (right hand)
 A - an uncursed ring of positive energy
Wands
 p - a wand of flame (36)
 r - a wand of iceblast (26)
 s - a wand of acid (6)
 B - a wand of paralysis (8)
Scrolls
 b - a scroll of identify
 g - 3 scrolls of fog
 h - 2 scrolls of magic mapping
 i - 6 scrolls of remove curse
 o - 2 scrolls of immolation
 u - a scroll of enchant armour
 v - a scroll of amnesia
 x - a scroll of fear
Potions
 e - 4 potions of mutation
 k - 2 potions of curing
 m - 3 potions of heal wounds
 n - 4 potions of brilliance


   Skills:
 + Level 6.7 Fighting
 * Level 12.1(14.6) Polearms
 * Level 8.8 Armour
 - Level 6.0 Dodging
 * Level 10.0(11.7) Shields
 + Level 5.7 Evocations


You had 11 spell levels left.
You didn't know any spells.
Your spell library contained the following spells:

 Spells                   Type           Power        Failure   Level
 Animate Skeleton         Necr           0%           98%         1
 Apportation              Tloc           0%           98%         1
 Corona                   Hex            0%           98%         1
 Pain                     Necr           0%           98%         1
 Shock                    Conj/Air       0%           98%         1
 Summon Small Mammal      Summ           0%           98%         1
 Ensorcelled Hibernation  Hex/Ice        0%           99%         2
 Slow                     Hex            0%           99%         2
 Confusing Touch          Hex            0%           100%        3
 Dazzling Flash           Conj/Hex       0%           100%        3
 Inner Flame              Hex/Fire       0%           100%        3
 Portal Projectile        Hex/Tloc       0%           100%        3
 Static Discharge         Conj/Air       0%           100%        3
 Tukima's Dance           Hex            0%           100%        3
 Vampiric Draining        Necr           0%           100%        3
 Airstrike                Air            0%           100%        4
 Animate Dead             Necr           0%           100%        4
 Cause Fear               Hex            0%           100%        4
 Leda's Liquefaction      Hex/Erth       0%           100%        4
 Agony                    Necr           0%           100%        5
 Lightning Bolt           Conj/Air       0%           100%        5
 Silence                  Hex/Air        0%           100%        5
 Yara's Violent Unravell  Hex/Tmut       0%           100%        5
 Discord                  Hex            0%           100%        8
 Swiftness                Air            Unusable     N/A         2

Dungeon Overview and Level Annotations

Branches:
Dungeon (12/15)            Temple (1/1) D:6            Lair (0/6) D:11
    Orc (0/2) D:12

Altars:
Ashenzari
Cheibriados
Dithmenos
Elyvilon
Fedhas
Gozag
Hepliaklqana
Kikubaaqudgha
Makhleb
Nemelex Xobeh
Okawaru
Qazlal
Ru
Sif Muna
Trog
Uskayaw
Vehumet
Wu Jian
Xom
Yredelemnul
Zin
The Shining One

Shops:
D:7 *   D:8 ?

Portals:
Trove: D:10 (give +5 demon whip)


Innate Abilities, Weirdness & Mutations

You cannot be hasted, slowed, berserked, paralysed or teleported.
You can dig through walls and to a lower floor.
Your four strong arms can wield two-handed weapons with a shield.
You have a pair of large antennae on your head. (SInv)
You are partially covered in yellow scales. (AC +2)
Your muscles are strong. (Str +2)


Message History

You kill the killer bee!
Aiming: Iceblast
Press: ? - help, Shift-Dir - straight line, f - slime creature, p - titanic slime creature
Aim: a slime creature The mass of ice explodes!
The iceblast engulfs the slime creature!!
The slime creature is moderately wounded.
The iceblast engulfs the killer bee!!
You kill the killer bee!
The iceblast engulfs the titanic slime creature!!
The titanic slime creature is heavily wounded.
You puncture the titanic slime creature!
The titanic slime creature is heavily wounded.
You block the titanic slime creature's attack.
Aiming: Paralyse
Press: ? - help, Shift-Dir - straight line, f - titanic slime creature
Aim: a titanic slime creature (heavily wounded, chance to affect: 46%)
The titanic slime creature resists with some effort.
The titanic slime creature hits you!!!
You die...

* ####* ######## *
....########......###
........J.##@D......#
*
,........#C.J#Y....###
* ........y##.{...###
, ...$.....####....###
###.** ..........#
###....#....#
..........#
##.#......# *
.........##
####.........
.........#
#....##......, *
.........# #.88.#
.....


You could see a titanic slime creature, a cyclops, a killer bee, a friendly
steam dragon (summoned, very poisoned) and a friendly ice beast (summoned).

Vanquished Creatures
  3 two-headed ogres
  An unseen horror (D:10)
  An ugly thing (D:12)
  A cyclops (D:12)
  A centaur zombie (D:12)
  A kobold demonologist (D:11)
  2 trolls
  2 hornets
  Prince Ribbit (D:9)
  A shadow (D:12)
  10 yaks
  A wyvern (D:12)
  A water moccasin (D:8)
  3 ice beasts
  2 black bears (D:10)
  8 orc warriors
  3 sky beasts
  2 phantoms
  12 ogres
  2 wolves (D:11)
  2 centaurs
  4 big kobolds
  A gnoll sergeant (D:6)
  Blork the orc (D:5)
  8 bullfrogs
  2 killer bees (D:12)
  4 scorpions
  A water moccasin skeleton (D:7)
  2 electric eels (D:11)
  A howler monkey (D:10)
  2 jellies (D:12)
  A quasit (D:10)
  8 orc priests
  3 bullfrog skeletons
  15 hounds
  3 gnoll shamans (D:11)
  A centaur skeleton (D:9)
  7 iguanas
  8 orc wizards
  14 worker ants
  2 hound zombies (D:6)
  A worker ant zombie (D:11)
  21 gnolls
  A howler monkey skeleton (D:4)
  12 adders
  A shadow imp (D:5)
  2 white imps (D:8)
  5 ufetubi
  2 oozes
  An adder skeleton (D:6)
  2 adder zombies (D:7)
  5 worms
  4 dart slugs (D:1)
  A leopard gecko (D:4)
  41 orcs
  5 ball pythons
  6 giant cockroaches
  10 goblins
  5 hobgoblins
  6 jackals
  14 kobolds
  3 quokkas
  11 bats
  6 frilled lizards
  A quokka skeleton (D:8)
  9 rats
323 creatures vanquished.

Vanquished Creatures (others)
  6 fungi (D:11)
  19 plants
25 creatures vanquished.

Grand Total: 348 creatures vanquished

Notes
Turn   | Place    | Note
-------+----------+-------------------------------------------
     0 | D:1      | Tirrikindir the Formicid Fighter began the quest for the
                  | Orb.
     0 | D:1      | Reached XP level 1. HP: 18/18 MP: 1/1
   148 | D:1      | Reached XP level 2. HP: 24/24 MP: 2/2
   278 | D:1      | Reached XP level 3. HP: 25/29 MP: 3/3
   760 | D:2      | Reached XP level 4. HP: 37/37 MP: 4/4
   797 | D:2      | Reached skill level 3 in Polearms
   938 | D:2      | Reached skill level 1 in Dodging
  1259 | D:3      | Reached XP level 5. HP: 22/42 MP: 2/5
  1461 | D:3      | Gained mutation: Your muscles are strong. (Str +2) [potion
                  | of mutation]
  1461 | D:3      | Gained mutation: You are partially covered in yellow
                  | scales. (AC +2) [potion of mutation]
  2194 | D:4      | Reached skill level 1 in Evocations
  2194 | D:4      | Reached XP level 6. HP: 39/48 MP: 4/6
  2398 | D:4      | Reached skill level 4 in Polearms
  2529 | D:4      | Reached skill level 5 in Shields
  2529 | D:4      | Reached XP level 7. HP: 52/54 MP: 5/7
  2533 | D:4      | Reached skill level 5 in Polearms
  2870 | D:5      | Entered Level 5 of the Dungeon
  2933 | D:5      | Reached skill level 6 in Polearms
  3090 | D:5      | Reached XP level 8. HP: 24/60 MP: 3/8
  3467 | D:5      | Reached skill level 7 in Polearms
  3668 | D:5      | Noticed Blork the orc
  3677 | D:5      | Killed Blork the orc
  3870 | D:5      | Found a broken altar of Ashenzari.
  3876 | D:5      | Became a worshipper of Ashenzari the Shackled
  4018 | D:6      | Reached skill level 8 in Polearms
  4618 | D:6      | Reached skill level 9 in Polearms
  4787 | D:6      | Found a staircase to the Ecumenical Temple.
  4796 | Temple   | Entered the Ecumenical Temple
  5171 | D:6      | Reached XP level 9. HP: 65/65 MP: 9/9
  5612 | D:7      | Reached * piety under Ashenzari
  5623 | D:7      | Reached skill level 10 in Polearms
  6254 | D:7      | Found Muuvoi Sywa's Assorted Antiques.
  6262 | D:7      | Bought 2 viscous puce potions for 34 gold pieces
  6262 | D:7      | Bought an emerald potion for 17 gold pieces
  6530 | D:8      | Noticed a two-headed ogre
  6546 | D:8      | HP: 1/66 [two-headed ogre/+0 giant club (5)]
  6553 | D:8      | Killed a two-headed ogre
  6554 | D:8      | Reached skill level 5 in Armour
  6554 | D:8      | Reached XP level 10. HP: 20/73 MP: 1/10
  7447 | D:8      | Found Zeotiylo's Magic Scroll Boutique.
  7457 | D:8      | Bought a scroll of identify for 28 gold pieces
  7457 | D:8      | Bought a scroll of identify for 28 gold pieces
  7457 | D:8      | Bought a scroll of identify for 28 gold pieces
  7457 | D:8      | Bought a scroll of identify for 28 gold pieces
  7536 | D:8      | Reached ** piety under Ashenzari
  7675 | D:9      | Reached skill level 5 in Fighting
  8117 | D:9      | Noticed Prince Ribbit
  8143 | D:9      | Killed Prince Ribbit
  8458 | D:10     | Entered Level 10 of the Dungeon
  8559 | D:10     | Reached skill level 11 in Polearms
  8714 | D:10     | Noticed a two-headed ogre
  8725 | D:10     | Killed a two-headed ogre
  8726 | D:10     | Reached skill level 5 in Dodging
  8726 | D:10     | Reached XP level 11. HP: 80/80 MP: 11/11
  8855 | D:10     | Noticed an unseen horror
  8869 | D:10     | Killed an unseen horror
  8956 | D:10     | Found a portal to a secret trove of treasure.
  9313 | D:10     | Reached *** piety under Ashenzari
  9525 | D:11     | Found a blossoming altar of Fedhas.
  9600 | D:11     | Found a white marble altar of Elyvilon.
  9730 | D:11     | Noticed a two-headed ogre
  9740 | D:11     | Killed a two-headed ogre
  9925 | D:11     | Found a staircase to the Lair.
 10203 | D:11     | Reached skill level 5 in Evocations
 11332 | D:12     | Noticed a purple ugly thing
 11351 | D:12     | Killed a purple ugly thing
 11352 | D:12     | Reached XP level 12. HP: 46/89 MP: 6/12
 11554 | D:12     | Found a staircase to the Orcish Mines.
 11824 | D:12     | Reached skill level 12 in Polearms
 11835 | D:12     | Reached skill level 10 in Shields
 11973 | D:12     | Slain by a titanic slime creature

Illustrated notes

Levels and vault maps discovered:
D:1:      dpeg_arrival_simpleton_a, layout_basic
D:2:      layout_rooms
D:3:      layout_rooms
D:4:      layout_rooms
D:5:      layout_gridville, lemuel_round_altar, grunt_decor_arrowhead,
          uniq_blork_the_orc
D:6:      layout_loops_ring, minmay_temple_entry_poolview, minmay_misc_feat_five
D:7:      layout_gridville, serial_shops,
          nicolae_shop_competitors_out_of_business
D:8:      wad_crossroads, layout_basic, serial_shops, shop, st_stairs_10
D:9:      layout_loops_ring, serial_bayou, serial_bayou_pond_d,
          serial_bayou_shore_b, serial_bayou_pond_b, serial_bayou_crossing,
          uniq_prince_ribbit1
D:10:     layout_cave_pools, serial_rivers, chequers_serial_rivers_small_3,
          chequers_serial_rivers_micro_e, chequers_serial_rivers_large_b,
          chequers_serial_rivers_large_a, nicolae_trove_entry_diagonal
D:11:     kennysheep_seaside_town, layout_irregular_city, erik_lair_island,
          basic_altar, fedhas_altar_1
D:12:     layout_cave_pods, orc_0_dummy, small_statue_alley_a
Temple:   nicolae_temple_the_god_donut

Skill      XL: |  1  2  3  4  5  6  7  8  9 10 11 12 |
---------------+-------------------------------------+-----
Shields        | 4 5 6 7 9 10 | 10.0
Polearms       | 3 4 6 9 10 11 12 | 12.1
Dodging        | 1 2 3 5 6 |  6.0
Fighting       | 4 5 6 |  6.7
Armour         | 4 5 6 8 |  8.8
Evocations     | 1 2 3 4 5 |  5.7

Action                   |  1- 3 |  4- 6 |  7- 9 | 10-12 || total
-------------------------+-------+-------+-------+-------++-------
Melee: Trident           |   124 |   124 |       |       ||   248
       Halberd           |       |    88 |   388 |   703 ||  1179
Invok: Curse Item        |       |       |     2 |       ||     2
 Abil: Dig               |       |     1 |     8 |    10 ||    19
Evoke: Wand              |       |       |     2 |     7 ||     9
  Use: Scroll            |     2 |     7 |     2 |    11 ||    22
       Potion            |       |     2 |     4 |       ||     6
 Stab: Paralysed         |       |       |     2 |     6 ||     8
Armor: Scale mail        |    50 |   111 |   108 |       ||   269
       Plate armour      |       |       |    38 |   246 ||   284
Dodge: Dodged            |    44 |    74 |   117 |   210 ||   445
Block: Kite shield       |    81 |   108 |   215 |   385 ||   789
